 Dungeon Crawl Stone Soup version 0.22-a0-166-g5351223 (webtiles) character file.

317 Borgoz the Distorting Demonspawn (level 6, -4/48 HPs)
             Began as a Demonspawn Abyssal Knight on Feb 13, 2018.
             Was a Believer of Lugonu.
             Slain by Pikel
             ... wielding a +2 whip of electrocution
              (19 damage)
             ... on level 4 of the Dungeon.
             The game lasted 00:06:00 (3689 turns).

Borgoz the Distorting Demonspawn (DsAK)             Turns: 3689, Time: 00:06:01

Health: -4/48      AC:  6    Str: 14    XL:     6   Next: 20%
Magic:  9/9        EV: 15    Int: 14    God:    Lugonu [**....]
Gold:   88         SH:  6    Dex: 21    Spells: 5/5 levels left

rFire    + . .     SeeInvis .   p - +0 war axe
rCold    + . .     Gourm    .   (no shield)
rNeg     . . .     Faith    .   g - +0 scale mail
rPois    .         Spirit   .   (helmet restricted)
rElec    .         Reflect  .   q - scarf {rC+ rF+}
rCorr    .         Harm     .   (no gloves)
MR       .....                  (no boots)
Stlth    +.........             (no amulet)
HPRegen  0.16/turn              m - +4 ring of dexterity
MPRegen  0.11/turn              (no ring)

@: agile
A: antennae 1, large bone plates 2, powered by pain 1
a: Depart the Abyss, Bend Space, Renounce Religion


You were on level 4 of the Dungeon.
You worshipped Lugonu.
Lugonu was pleased with you.
You were hungry.

You visited 2 branches of the dungeon, and saw 5 of its levels.
You visited the Abyss 1 time.

You collected 88 gold pieces.

Inventory:

Hand Weapons
 p - a +0 war axe (weapon)
Armour
 g - a +0 scale mail (worn)
 q - a scarf of resistance (worn)
Jewellery
 m - a +4 ring of dexterity (left hand)
 u - an uncursed ring of magical power {unknown}
Scrolls
 b - 2 scrolls of noise {unknown}
 d - 7 scrolls of enchant armour {unknown}
 e - a scroll of brand weapon {unknown}
 f - a scroll of remove curse {unknown}
 h - 2 scrolls of teleportation {unknown}
 i - 2 scrolls of fog {unknown}
 k - 5 scrolls of identify {unknown}
 r - a scroll of blinking {unknown}
 s - a scroll of amnesia {unknown}
 t - a scroll of magic mapping {unknown}
 v - a scroll of random uselessness {unknown}
Potions
 a - a potion of heal wounds
 j - 2 potions of degeneration {unknown}
 l - 3 potions of mutation {unknown}
 n - a potion of might {unknown}
 o - a potion of curing {unknown}
Comestibles
 c - 8 rations


   Skills:
 + Level 4.1 Fighting
 + Level 3.0 Axes
 + Level 3.0 Armour
 + Level 2.5 Dodging
 + Level 4.3 Invocations


You had 5 spell levels left.
You didn't know any spells.

Dungeon Overview and Level Annotations

Branches:
Dungeon (4/15)             Temple (1/1) D:4

Altars:
Fedhas
Gozag
Hepliaklqana
Kikubaaqudgha
Makhleb
Nemelex Xobeh
Qazlal
Sif Muna
Trog
Wu Jian
Xom
Yredelemnul
Zin

Shops:
D:3 *

Annotations:
D:4 Pikel


Innate Abilities, Weirdness & Mutations

You have a pair of small antennae on your head.
You are mostly covered in large bone plates. (SH +6)
You sometimes gain a little power by taking damage.


Message History

Pikel hits you with a whip of electrocution.
The slave barely misses you. x2
You see here a giant spiked club.
Evoke which item? (* to show all) (? for menu, Esc to quit)
Aiming: Iceblast
Press: ? - help, Shift-Dir - straight line, f - Pikel
Aim: Pikel, wielding a whip of electrocution and wearing a robe (heavily wounded) That beam is likely to hit you.
Continue anyway?
The mass of ice explodes!
The iceblast engulfs Pikel.
Pikel is severely wounded.
The iceblast engulfs you! You partially resist.
The iceblast engulfs the slave.
The slave is moderately wounded.
The now-empty wand crumbles to dust.
Pikel barely misses you.
You aren't carrying any items that you can evoke.
Unknown command.
You hit Pikel but do no damage.
Pikel is severely wounded.
Pikel hits you with a whip of electrocution.
You are electrocuted!
You die...

### ###.# ..#.#
..#.#################
..'.................#
..#.....#......####.#
..#............# .#
###.###........####.#####.
...............'@Kpp.....(
...............####p####..
#..........##### ..#
#..........# #.#
#..........# .#
#..........### ..
#............. ..
............## ..
.#####...##.#


You could see Pikel and 3 slaves.

Vanquished Creatures
  A slave (D:4)
  An ogre (D:4)
  A howler monkey (D:4)
  An orc wizard (D:4)
  A worker ant (D:4)
  7 adders
  A shadow imp (D:4)
  3 dart slugs
  3 orcs (D:4)
  11 bats
  10 giant cockroaches
  5 goblins
  6 hobgoblins
  2 jackals (D:2)
  2 quokkas
  A ball python (D:3)
  3 frilled lizards
  8 kobolds
  4 rats
71 creatures vanquished.

Notes
Turn   | Place    | Note
-------+----------+-------------------------------------------
     0 | Abyss:1  | Borgoz the Demonspawn Abyssal Knight began the quest for the Orb.
     0 | Abyss:1  | Reached XP level 1. HP: 18/18 MP: 2/2
    18 | Abyss:1  | Noticed a quasit
    45 | Abyss:2  | Noticed a green very ugly thing
    47 | Abyss:2  | Noticed a green very ugly thing
    52 | D:1      | Escaped the Abyss
   154 | D:1      | Reached skill level 1 in Dodging
   271 | D:1      | Gained mutation: You have a pair of small antennae on your head. [demonic ancestry]
   271 | D:1      | Reached XP level 2. HP: 24/24 MP: 4/4
   353 | D:1      | Reached * piety under Lugonu
   692 | D:2      | Reached XP level 3. HP: 29/29 MP: 5/5
  1301 | D:2      | Gained mutation: You are partially covered in large bone plates. (SH +4) [demonic ancestry]
  1301 | D:2      | Reached XP level 4. HP: 28/35 MP: 6/6
  1430 | D:2      | Reached ** piety under Lugonu
  2443 | D:3      | Found Zin's Purification Station.
  2448 | D:3      | Found a glowing silver altar of Zin.
  3215 | D:4      | Gained mutation: You are mostly covered in large bone plates. (SH +6) [demonic ancestry]
  3215 | D:4      | Reached XP level 5. HP: 40/42 MP: 7/7
  3467 | D:4      | Found a staircase to the Ecumenical Temple.
  3474 | Temple   | Entered the Ecumenical Temple
  3671 | D:4      | Noticed an ogre
  3674 | D:4      | Killed an ogre
  3674 | D:4      | Gained mutation: You sometimes gain a little power by taking damage. [demonic ancestry]
  3674 | D:4      | Reached XP level 6. HP: 48/48 MP: 9/9
  3677 | D:4      | Noticed a slave
  3677 | D:4      | Noticed Pikel
  3678 | D:4      | Noticed a slave
  3679 | D:4      | Noticed a slave
  3681 | D:4      | Killed a slave
  3682 | D:4      | Noticed a slave
  3689 | D:4      | Slain by Pikel

Vault maps used:
D:1:      scummos_arrival_simple_fountains
D:2:      minmay_roachtagon
D:3:      zin_purify, first_ration
D:4:      lemuel_doored_altar, temple_statues, roderic_three_in_a_row,
          uniq_pikel
Temple:   minmay_temple_bridge_abc
Abyss:1:  gammafunk_corrupted_shrine, onia_ninara_dug_in_and_dangerous

Skill      XL: |  1  2  3  4  5 |
---------------+----------------+-----
Dodging        | 1 2 |  2.5
Axes           | 2 3 |  3.0
Armour         | 2 3 |  3.0
Invocations    | 3 4 |  4.3
Fighting       | 4 |  4.1

Action                   |  1- 3 |  4- 6 || total
-------------------------+-------+-------++-------
Melee: Hand axe          |   136 |    36 ||   172
       War axe           |       |   101 ||   101
Invok: Depart the Abyss  |     1 |       ||     1
Evoke: Wand              |       |     6 ||     6
  Use: Potion            |       |     2 ||     2
  Eat: Chunk             |     1 |     4 ||     5
       Ration            |       |     1 ||     1
Armor: Leather armour    |     9 |       ||     9
       Scale mail        |    80 |    54 ||   134
Dodge: Dodged            |   105 |    90 ||   195
Block: Other             |       |    36 ||    36

Table legend:
 A = Spawn XP
 B = Non-spawn XP
 C = Spawn XP percentage of total XP
 D = Spawn monster count
 E = Non-spawn monster count
 F = Spawn count percentage of total count
 G = Total turns spent on level
                    A         B        C        D         E        F      G
               +---------+---------+-------+---------+---------+-------+---------
         Total |       0 |     453 |   0.0 |       0 |      70 |   0.0 |  3689
               +---------+---------+-------+---------+---------+-------+---------
           D:1 |       0 |      38 |   0.0 |       0 |      21 |   0.0 |   638
           D:2 |       0 |     101 |   0.0 |       0 |      31 |   0.0 |  1195
           D:3 |       0 |      33 |   0.0 |       0 |       6 |   0.0 |  1289
           D:4 |       0 |     281 |   0.0 |       0 |      12 |   0.0 |   393
               +---------+---------+-------+---------+---------+-------+---------
